Potter, chaotic male orcish Wizard -- |.---- ----- -- |....-- --..|.--.-- -- |.....--..........-- |.-----..................| -..!|...>................| .......................- -........h............ --.....[...........- ---......GGG.......- -...^.(h.oG.......-- -.............GG...--- |............f.....-- |........[....:....| ---................- |................. -................... ...........---....... ---.--.---.- -.--.--- -- -- -- -- -- Potter the Conjurer Experience level: 3 Strength: 9 Dexterity: 18 Constitution: 10 Intelligence: 16 Wisdom: 11 Charisma: 12 Health: 0(21) Energy: 10(15) Def: 1 Gold: 206 Moves: 576 Dungeon seed: ghKqT5dRSHkOWF7b Game ID: Potter_1638878427 Your Inventory: Coins $ - 206 gold pieces Weapons a - a blessed +1 quarterstaff (weapon in hands) Armor e - an uncursed +0 cloak of magic resistance (being worn) Comestibles u - an uncursed food ration v - an uncursed lichen corpse w - an uncursed egg Scrolls i - an uncursed scroll of confuse monster j - an uncursed scroll of light k - a blessed scroll of enchant weapon n - an uncursed scroll of punishment s - an uncursed scroll of enchant armor Spellbooks l - a blessed spellbook of force bolt m - an uncursed spellbook of protection o - an uncursed spellbook of force bolt Potions f - an uncursed potion of water g - an uncursed potion of speed p - an uncursed potion of healing Rings c - an uncursed ring of see invisible (on left hand) d - an uncursed +1 ring of adornment (on right hand) Wands b - a wand of sleep (0:7) Spells and supernatural/magical abilities: Name Level Category Fail Memory a - force bolt 1 attack 0% 98% p - protection 1 clerical 0% 98% W - pray for help -- divine ? -- Your skills at the end: Fighting Skills Weapon Skills quarterstaff [Basic] Spellcasting Skills attack spells [Basic] enchantment spells [Basic] Final Attributes: You were piously aligned. You were poison resistant. You were magic-protected. You saw invisible. You had infravision. You were adorned. You are dead. Vanquished creatures: a gnome lord a dwarf a gnome 4 jackals a sewer rat 2 grid bugs 2 lichens 12 creatures vanquished. Voluntary challenges: You went without food. You used a wielded weapon 18 times, starting on turn 29. You were illiterate. You never genocided any monsters. You never polymorphed an object. You never changed form. You used no wishes. You never split a pudding. You never wrote Elbereth's name. You never violated your personal moral code. Dungeon overview: The Dungeons of Doom: levels 1 to 2 Level 1 a fountain, a sink a long staircase Level 2 a general store, an altar to Anhur stairs to The Gnomish Mines The Gnomish Mines: Level 3 <- You were here stairs to The Dungeons of Doom History has recorded: On T:1 you entered the Dungeons of Doom to retrieve the Amulet of Yendor! On T:252 you reached level 2 of The Dungeons of Doom. On T:562 you reached level 1 of The Gnomish Mines. On T:563 you advanced to experience level 2. On T:569 you advanced to experience level 3. Score breakdown: Gold: 206 ( 7878 points) Experience: 3 levels ( 7878 points) Exploration: 3 levels ( 5.88%) ( 6000 points) Discoveries: 1 item ( 0.36%) ( 1805 points) Valuables value: (no points given unless you survive) Artifact value: 0 ( 0 points) Variety of kills: 7 monsters ( 1.84%) ( 4066 points) Turncount: 576 turns ( 0 points) Survival: died (score multiplied by 80%) Total score: 22101 Latest messages: The gnomish wizard points all around, then curses. You fall into a pit! There are a few objects here. The gnome hits! You are still in a pit. The gnomish wizard points at you, then curses. You are still in a pit. The gnome hits! The gnomish wizard points at you, then curses. The gnome hits! The gnomish wizard points all around, then curses. You are still in a pit. The gnomish wizard points at you, then curses. You crawl to the edge of the pit. The kitten misses the newt. The gnome hits! The gnomish wizard casts a spell at you! You get a slight headache. The dwarf throws a dagger! The dagger hits the gnome. The gnome hits! You die... Final status: Goodbye Potter the Wizard, killed by a gnome... You died in The Gnomish Mines on dungeon level 3 with 22101 points, and 206 pieces of gold, after 576 moves. You were level 3 with a maximum of 21 hit points when you died.